 Dungeon Crawl Stone Soup version 0.31-a0-700-gf13585253f (webtiles) character file.

Game seed: 3719145485316412270

825 qw the Skirmisher (level 7, -5/44 HPs)
             Began as a Gargoyle Hunter on Sept 7, 2023.
             Slain by an ogre
             ... wielding a +0 giant club
              (21 damage)
             ... on level 4 of the Dungeon.
             The game lasted 00:01:32 (3701 turns).

qw the Skirmisher (Gargoyle Hunter)                 Turns: 3701, Time: 00:01:33

Health: -5/44      AC: 11    Str: 14    XL:     7   Next: 96%
Magic:  7/7        EV: 16    Int: 10    God:
Gold:   176        SH:  0    Dex: 15    Spells: 6/6 levels left

rFire   . . .        Y - +0 shortbow
rCold   . . .        (shield currently unavailable)
rNeg    + . .        j - +0 ring mail
rPois   inf          (no helmet)
rElec   +            e - +0 cloak
rCorr   .            (no gloves)
SInv    .            (no boots)
Will    .....        (no amulet)
Stlth   +            n - +5 ring of evasion
HPRegen 0.27/turn    (no ring)
MPRegen 0.10/turn

%: no passive effects
@: no status effects
A: sickness immunity, AC +4, negative energy resistance 1, electricity
resistance, torment resistance 1, petrification resistance
a: no special abilities


You were on level 4 of the Dungeon.
You visited 1 branch of the dungeon, and saw 5 of its levels.

You collected 176 gold pieces.


Innate Abilities, Weirdness & Mutations

You are immune to sickness and miasma.
Your stone body is resilient. (AC +4)
You are immune to poison.
You resist negative energy. (rN+)
You are resistant to electric shocks. (rElec)
You are resistant to unholy torment.
You are immune to petrification.


   Skills:
 - Level 5.1 Fighting
 - Level 8.2 Ranged Weapons
 - Level 2.3 Armour
 + Level 1.5 Dodging
 - Level 1.1 Stealth


You had 6 spell levels left.
You didn't know any spells.
Your spell library was empty.

Inventory:

Hand Weapons
 Y - a +0 shortbow (weapon)
Armour
 e - a +0 cloak (worn)
 j - a +0 ring mail (worn)
Jewellery
 n - a +5 ring of evasion (left hand)
Scrolls
 a - 3 scrolls of teleportation
 c - a scroll of identify
Potions
 b - a potion of cancellation
 f - a potion of heal wounds
 g - 2 potions of curing
 h - a potion of might
 i - a potion of mutation
 l - a potion of enlightenment {unknown}
 m - a potion of haste {unknown}

Dungeon Overview and Level Annotations

Branches:
Dungeon (5/15)
 Temple: D:4-7

Altars:


Message History

3654 ||| FLEEEEING.
3655 ||| FLEEEEING.
3656 ||| FLEEEEING.
3657 ||| FLEEEEING.
There is a stone staircase leading up here.
3658 ||| STAIRDANCE You climb upwards.
There is a stone staircase leading down here.
You start resting.
HP restored.
Done exploring.
What level of the Dungeon? (default 5, ? - help)
You climb downwards.
The ogre hits you with a +0 giant club!!
There is a stone staircase leading up here.
3692 ||| STAIRDANCE The ogre misses you.
You climb upwards.
There is a stone staircase leading down here.
You shoot an arrow.
The arrow hits the ogre but does no damage.
The ogre completely misses you.
You shoot an arrow. The arrow hits the ogre.
The ogre is lightly wounded.
You shoot an arrow. The arrow hits the ogre.
The ogre is moderately wounded.
The ogre hits you with a +0 giant club!
You shoot an arrow. The arrow hits the ogre!
The ogre is severely wounded.
The ogre misses you.
You shoot an arrow. The arrow barely misses the ogre.
You shoot an arrow. The arrow barely misses the ogre.
The ogre closely misses you.
You shoot an arrow. The arrow hits the ogre.
The ogre is severely wounded.
The ogre completely misses you.
You shoot an arrow. The arrow hits the ogre.
The ogre is almost dead.
The ogre hits you with a +0 giant club!!
You die...

.# #.##.# #......#
.####.##.# #.####.#
.........# #.####.#
####...### #....#.#
##.....## #.##.#.#
##.......## #......#
#.........####...###
'....~PP..'......O#
#...~~~~P.####..@#####
#P~~~7~~~~##.........#
##P~~777~P~#.###.###.#
#.~77 77~~~.# #.# #.#
#P~~7 7~.PP.###.###.#
##.P777~~P..........#
#P~77~~P.#####(#####
#.~.~~~.## #.#
##~~P~P.# #.#


You could see an ogre.

Vanquished Creatures
  A sky beast (D:4)
  3 ogres
  A phantom (D:4)
  A bullfrog (D:5)
  An orc priest (D:5)
  2 hounds (D:4)
  2 orc wizards
  5 gnolls
  7 adders
  2 worms
  6 dart slugs
  7 orcs
  4 ball pythons
  7 endoplasms
  4 giant cockroaches
  5 goblins
  8 hobgoblins
  2 quokkas
  8 bats
  4 frilled lizards (D:1)
  3 kobolds
  9 rats
92 creatures vanquished.

Notes
Turn   | Place    | Note
-------+----------+-------------------------------------------
     0 | D:1      | qw the Gargoyle Hunter began the quest for the Orb.
     0 | D:1      | Reached XP level 1. HP: 12/12 MP: 1/1
     0 | D:1      | 0 ||| qw: Version: 0.3-a-76-g4403597
     0 | D:1      | 0 ||| qw: Game counter: 525
     0 | D:1      | 0 ||| qw: Melee chars always use a shield: true
     0 | D:1      | 0 ||| qw: God list: Okawaru
     0 | D:1      | 0 ||| qw: Allow faded altars: false
     0 | D:1      | 0 ||| qw: Do Orc after clearing Dungeon:15 true
     0 | D:1      | 0 ||| qw: Do second Lair branch before Depths: true
     0 | D:1      | 0 ||| qw: Lair rune preference: random
     0 | D:1      | 0 ||| qw: Goals: Normal
     0 | D:1      | 0 ||| PLANNING D:1-11
   154 | D:1      | Reached XP level 2. HP: 17/17 MP: 2/2
   190 | D:1      | You fall into a shaft and drop 1 floor!
   259 | D:2      | 259 ||| UPGRADING to +0 cloak.
   264 | D:2      | 264 ||| READING scroll labelled NEIMUKL DOERPHE.
   265 | D:2      | 265 ||| DROPPING scroll of butterflies.
   334 | D:1      | Reached skill level 5 in Ranged Weapons
   334 | D:1      | Reached XP level 3. HP: 20/21 MP: 3/3
   796 | D:1      | 796 ||| READING scroll labelled UGROLAI XIUPTO.
   797 | D:1      | 797 ||| DRINKING 2 yellow potions.
   908 | D:2      | 908 ||| Stepping ~*~*~tactically~*~*~ (outnumbered).
   916 | D:2      | Reached skill level 3 in Fighting
   916 | D:2      | Reached XP level 4. HP: 10/28 MP: 4/4
  1413 | D:2      | 1413 ||| Stepping ~*~*~tactically~*~*~ (water).
  1469 | D:2      | 1469 ||| Stepping ~*~*~tactically~*~*~ (water).
  1822 | D:2      | 1822 ||| UPGRADING to +0 ring mail.
  1832 | D:2      | 1832 ||| DROPPING +0 leather armour.
  1833 | D:2      | 1833 ||| READING 3 scrolls labelled SENUAKILIBIESH.
  1836 | D:2      | 1836 ||| DRINKING 2 clear potions.
  1836 | D:2      | Gained mutation: Your spells are a little harder to cast,
                  | but a little more powerful. [potion of mutation]
  1836 | D:2      | Lost mutation: Your spells are a little harder to cast, but
                  | a little more powerful. [potion of mutation]
  2144 | D:3      | Reached skill level 1 in Armour
  2150 | D:3      | Reached XP level 5. HP: 32/32 MP: 5/5
  2321 | D:3      | 2321 ||| READING scroll labelled QAUNEC HOEWE.
  2322 | D:3      | 2322 ||| DRINKING 2 green potions.
  2323 | D:3      | 2323 ||| DRINKING 2 lumpy golden potions.
  2324 | D:3      | 2324 ||| DRINKING 2 ruby potions.
  2325 | D:3      | 2325 ||| READING 2 scrolls of identify.
  2325 | D:3      | 2325 ||| IDENTIFYING fizzy green potion
  2326 | D:3      | 2326 ||| DROPPING potion of magic.
  2339 | D:4      | 2339 ||| STAIRDANCE
  2347 | D:4      | 2347 ||| STAIRDANCE
  2358 | D:4      | 2358 ||| STAIRDANCE
  2397 | D:4      | 2397 ||| STAIRDANCE
  2408 | D:3      | Reached skill level 6 in Ranged Weapons
  2560 | D:4      | Noticed a phantom
  2572 | D:4      | Killed a phantom
  2573 | D:4      | Reached XP level 6. HP: 26/39 MP: 6/6
  2773 | D:4      | Noticed a sky beast
  2789 | D:4      | Killed a sky beast
  3143 | D:4      | Reached skill level 7 in Ranged Weapons
  3143 | D:4      | Reached XP level 7. HP: 26/44 MP: 7/7
  3527 | D:4      | 3527 ||| UPGRADING to +5 ring of evasion.
  3528 | D:4      | 3528 ||| READING 3 scrolls of identify.
  3528 | D:4      | 3528 ||| IDENTIFYING orange potion
  3529 | D:4      | 3529 ||| READING 2 scrolls of identify.
  3529 | D:4      | 3529 ||| IDENTIFYING murky puce potion
  3530 | D:4      | 3530 ||| DROPPING potion of degeneration.
  3531 | D:4      | 3531 ||| DROPPING potion of ambrosia.
  3561 | D:5      | Entered Level 5 of the Dungeon
  3569 | D:5      | Reached skill level 8 in Ranged Weapons
  3640 | D:5      | 3640 ||| FLEEEEING.
  3641 | D:5      | 3641 ||| FLEEEEING.
  3642 | D:5      | 3642 ||| FLEEEEING.
  3643 | D:5      | 3643 ||| FLEEEEING.
  3644 | D:5      | 3644 ||| FLEEEEING.
  3645 | D:5      | 3645 ||| FLEEEEING.
  3646 | D:5      | 3646 ||| FLEEEEING.
  3647 | D:5      | 3647 ||| FLEEEEING.
  3650 | D:5      | 3650 ||| FLEEEEING.
  3651 | D:5      | 3651 ||| FLEEEEING.
  3652 | D:5      | 3652 ||| FLEEEEING.
  3653 | D:5      | 3653 ||| FLEEEEING.
  3654 | D:5      | 3654 ||| FLEEEEING.
  3655 | D:5      | 3655 ||| FLEEEEING.
  3656 | D:5      | 3656 ||| FLEEEEING.
  3657 | D:5      | 3657 ||| FLEEEEING.
  3658 | D:5      | 3658 ||| STAIRDANCE
  3692 | D:5      | 3692 ||| STAIRDANCE
  3701 | D:4      | Slain by an ogre

Levels and vault maps discovered:
D:1:      tarquinn_simple_flora_water_b, layout_loops_ring
D:2:      wad_lake_hut, layout_basic
D:3:      layout_basic
D:4:      layout_loops_corners, serial_bayou, serial_bayou_pond_e,
          serial_bayou_pond_a, serial_bayou_pond_c, serial_bayou_crossing,
          nicolae_half_adder
D:5:      layout_loops_ring, marbit_many_paths, minmay_splitting_lines,
          sigmund_army

Skill      XL: |  1  2  3  4  5  6  7 |
---------------+----------------------+-----
Ranged Weapons | 5 6 7 8 |  8.2
Fighting       | 3 4 5 |  5.1
Armour         | 1 2 |  2.3
Dodging        | |  1.5
Stealth        | |  1.1

Action                     |  1- 3 |  4- 6 |  7- 9 || total
---------------------------+-------+-------+-------++-------
   Fire: Shortbow          |    74 |   243 |    62 ||   379
    Use: Scroll            |     2 |     3 |     2 ||     7
         Potion            |     1 |     4 |       ||     5
 Armour: Leather armour    |    20 |    16 |       ||    36
         Ring mail         |       |    94 |    15 ||   109
  Dodge: Dodged            |    12 |    82 |    19 ||   113

Table legend:
 A = Non-vault XP
 B = Vault XP
 C = Vault XP percentage of total XP
 D = Non-vault monster count
 E = Vault monster count
 F = Vault count percentage of total count
                 A         B        C        D         E       F
            +---------+---------+-------+---------+---------+-------
      Total |    1113 |      66 |   5.6 |      87 |       5 |   5.4
            +---------+---------+-------+---------+---------+-------
        D:1 |      54 |       0 |   0.0 |      23 |       0 |   0.0
        D:2 |      68 |       0 |   0.0 |      21 |       0 |   0.0
        D:3 |      86 |      27 |  23.9 |      20 |       2 |   9.1
        D:4 |     617 |      39 |   5.9 |      19 |       3 |  13.6
        D:5 |     288 |       0 |   0.0 |       4 |       0 |   0.0
            +---------+---------+-------+---------+---------+-------
